 Dungeon Crawl Stone Soup version 0.28.0-49-g6dfe1f597d (webtiles) character file.

Game seed: 10970329024562144699

578 Revguard the Covered (level 7, -1/90 HPs)
             Began as a Demonspawn Gladiator on May 12, 2022.
             Was an Initiate of Dithmenos.
             Slain by an orc warrior
             ... wielding a +2 flail of protection
              (8 damage)
             ... on level 4 of the Dungeon.
             The game lasted 00:10:06 (3469 turns).

Revguard the Covered (Demonspawn Gladiator)         Turns: 3469, Time: 00:10:08

Health: -1/90      AC: 23    Str: 14    XL:     7   Next: 13%
Magic:  13/13      EV:  2    Int: 10    God:    Dithmenos [......]
Gold:   110        SH:  0    Dex: 18    Spells: 11/15 levels left

rFire   . . .      SeeInvis .   a - +0 long sword
rCold   . . .      Faith    .   (no shield)
rNeg    . . .      Spirit   .   (armour currently unavailable)
rPois   +          Reflect  .   (helmet currently unavailable)
rElec   .          Harm     .   (cloak currently unavailable)
rCorr   .          Rampage  .   (gloves currently unavailable)
Will    .....      NoTele   +   (boots currently unavailable)
Stlth   ++++......              (no amulet)
HPRegen 0.25/turn               (no ring)
MPRegen 0.13/turn               (no ring)

@: tree-form
A: stationary, stasis, torment immunity, boosted hp, thin skeletal structure 1,
foul stench 1, powered by death 1, (demonic touch 2), robust 1
a: Renounce Religion


You were on level 4 of the Dungeon.
You worshipped Dithmenos.
Dithmenos was noncommittal.
You were a tree.
You visited 1 branch of the dungeon, and saw 4 of its levels.

You collected 110 gold pieces.

Inventory:

Hand Weapons
 a - a +0 long sword (weapon)
 e - a +0 dagger
Missiles
 d - 2 throwing nets (quivered)
Armour
 b - a +0 leather armour
 c - a +0 helmet (melded)
 i - a +0 ring mail (melded)
Magical Staves
 f - a staff of cold
Scrolls
 g - a scroll of holy word {unknown}
 h - 2 scrolls of amnesia
 m - 2 scrolls of noise
 o - 2 scrolls of immolation
Potions
 n - a potion of attraction


   Skills:
 + Level 4.5 Fighting
 + Level 0.1(2.8) Short Blades
 - Level 4.6 Long Blades
 - Level 1.7 Throwing
 * Level 5.3 Armour
 + Level 4.7 Dodging
 + Level 5.3 Stealth
 + Level 4.5 Spellcasting
 + Level 3.6 Hexes
 + Level 4.4 Invocations


You had 11 spell levels left.
You knew the following spells:

 Your Spells              Type           Power      Damage    Failure   Level
a - Slow                  Hex            36%        N/A       5%          1
b - Confusing Touch       Hex            9%         N/A       16%         3

Your spell library contained the following spells:

 Spells                   Type           Power      Damage    Failure   Level
 Vampiric Draining        Necr           2%         2d6       58%         3
 Yara's Violent Unravell  Hex/Tmut       2%         3d3       97%         5
 Enfeeble                 Hex            4%         N/A       100%        7


Dungeon Overview and Level Annotations

Branches:
Dungeon (4/15)
 Temple: D:4-7

Altars:
Dithmenos


Innate Abilities, Weirdness & Mutations

You are a tree.
Your roots penetrate the ground, keeping you stationary.
You cannot be teleported.
You are immune to unholy pain and torment.
Your maximum health is greatly increased.
Your equipment is partially melded.
You have a somewhat thin skeletal structure. (Dex +2, Stealth+)
You may rarely emit foul miasma when damaged in melee.
You regenerate a little health from kills.
((Your touch may inflict irresistible damage on your foes.))
You are robust. (+10% HP)


Message History

The orc warrior hits you with a +2 flail of protection.
* * * LOW HITPOINT WARNING * * *
You hit the orc warrior.
The orc warrior is heavily wounded.
The orc warrior hits you but does no damage.
The orc priest calls upon Beogh to heal the orc warrior.
The orc warrior is healed somewhat.
You hit the orc warrior but do no damage.
You punch the orc warrior, but do no damage.
The orc warrior is moderately wounded.
The orc warrior hits you but does no damage.
You hit the orc warrior but do no damage.
The orc warrior is moderately wounded.
The orc warrior hits you with a +2 flail of protection.
* * * LOW HITPOINT WARNING * * *
You emit a cloud of foul miasma!
You hit the orc warrior.
The orc warrior is heavily wounded.
The orc warrior is engulfed in dark miasma.
The orc warrior is poisoned.
The orc warrior hits you with a +2 flail of protection!
* * * LOW HITPOINT WARNING * * *
The orc warrior is engulfed in dark miasma.
The orc warrior looks even sicker.
The orc warrior hits you with a +2 flail of protection.
* * * LOW HITPOINT WARNING * * *
You hit the orc warrior but do no damage.
The orc warrior is almost dead.
An adder skeleton comes into view.
The orc warrior is engulfed in dark miasma.
The orc warrior looks even sicker.
The orc warrior seems to slow down.
The orc warrior hits you but does no damage.
The adder skeleton moves out of view.
You hit the orc warrior but do no damage.
The orc warrior is almost dead.
An ice beast comes into view.
The orc warrior is engulfed in dark miasma.
The orc warrior looks as sick as possible!
The orc warrior hits you with a +2 flail of protection!
You die...

.#. ...........#
...Z...>#..##### ..
...#..J.##..Y.. ...
........#..#..####...
........o..........#
.........##......####
#.......J##.........#
#......{oo♣.#........ ##..
.........####.....####
....##..#)....# #..#...#
..........#..####.##...#
........# #.......##...##
........###..###...###..#
...............#.#......##
.......#.......#.#####...######
..............................#


You could see an orc warrior (extremely poisoned, slow), an ice beast
(wandering), an orc priest, an endoplasm and an adder skeleton (wandering).

Vanquished Creatures
  An ogre (D:3)
  A scorpion (D:4)
  4 orc wizards (D:3)
  2 adders (D:2)
  A worm (D:3)
  2 dart slugs (D:1)
  7 orcs
  3 bats
  6 endoplasms
  3 giant cockroaches
  5 goblins
  7 hobgoblins
  2 jackals (D:3)
  3 kobolds
  4 quokkas
  3 ball pythons
  3 frilled lizards
  2 rats (D:1)
59 creatures vanquished.

Notes
Turn   | Place    | Note
-------+----------+-------------------------------------------
     0 | D:1      | Revguard the Demonspawn Gladiator began the quest for the
                  | Orb.
     0 | D:1      | Reached XP level 1. HP: 16/16 MP: 1/1
   308 | D:1      | Gained mutation: Your touch may inflict minor irresistible
                  | damage on your foes. [demonic ancestry]
   308 | D:1      | Reached XP level 2. HP: 18/22 MP: 2/2
   498 | D:1      | Found a faded altar of an unknown god.
   583 | D:1      | Reached skill level 1 in Armour
  1162 | D:2      | Gained mutation: You have a somewhat thin skeletal
                  | structure. (Dex +2, Stealth+) [demonic ancestry]
  1162 | D:2      | Reached XP level 3. HP: 20/27 MP: 3/3
  1681 | D:2      | Reached skill level 1 in Stealth
  2413 | D:3      | Gained mutation: You may rarely emit foul miasma when
                  | damaged in melee. [demonic ancestry]
  2413 | D:3      | Reached XP level 4. HP: 34/34 MP: 4/4
  2639 | D:3      | Gained mutation: Your touch may inflict irresistible damage
                  | on your foes. [demonic ancestry]
  2639 | D:3      | Reached XP level 5. HP: 13/39 MP: 5/5
  2768 | D:3      | Noticed an ogre
  2776 | D:3      | Killed an ogre
  2777 | D:3      | Reached skill level 1 in Spellcasting
  2777 | D:3      | Reached skill level 1 in Hexes
  2786 | D:3      | Learned a level 1 spell: Slow
  2790 | D:3      | Learned a level 3 spell: Confusing Touch
  2946 | D:3      | Found a shadowy altar of Dithmenos.
  2965 | D:3      | Became a worshipper of Dithmenos the Shadowed
  3299 | D:3      | Gained mutation: You are robust. (+10% HP) [potion of
                  | mutation]
  3300 | D:3      | Reached skill level 5 in Armour
  3300 | D:3      | Reached skill level 5 in Stealth
  3300 | D:3      | Reached XP level 6. HP: 48/53 MP: 6/12
  3377 | D:4      | Gained mutation: You regenerate a little health from kills.
                  | [demonic ancestry]
  3377 | D:4      | Reached XP level 7. HP: 47/60 MP: 13/13
  3469 | D:4      | Slain by an orc warrior

Illustrated notes

Levels and vault maps discovered:
D:1:      dpeg_arrival_leaves_temple_mockup, layout_basic, serial_glass,
          glass_columns_a, glass_columns_a, glass_columns_b, glass_columns_a,
          glass_columns_a, glass_columns_b, glass_columns_a, glass_columns_b,
          glass_columns_a, glass_columns_b, ebering_ecumenical_altar_rust
D:2:      layout_basic
D:3:      layout_basic, nicolae_dithmenos_shadow_blocks
D:4:      layout_rooms, dk_vineyard_2, minivault_5,
          chequers_serial_rivers_micro_c, columned_hall_lemuel

Skill      XL: |  1  2  3  4  5 |
---------------+----------------+-----
Armour         | 1 2 5 |  5.3
Long Blades    | 3 4 |  4.6
Dodging        | 3 4 |  4.7
Stealth        | 1 5 |  5.3
Spellcasting   | 4 |  4.5
Hexes          | 3 |  3.6
Fighting       | 4 |  4.5
Invocations    | 4 |  4.4
Short Blades   | |  0.1
Throwing       | |  1.7

Action                   |  1- 3 |  4- 6 |  7- 9 || total
-------------------------+-------+-------+-------++-------
Melee: Long sword        |    82 |    43 |    22 ||   147
       Touch             |    10 |    10 |     4 ||    24
       Punch             |       |       |     1 ||     1
Throw: Throwing net      |       |     1 |       ||     1
  Use: Potion            |     1 |     2 |     1 ||     4
       Scroll            |       |     8 |       ||     8
 Stab: Sleeping          |     3 |     2 |       ||     5
       Held in net/web   |       |     1 |       ||     1
Armor: Leather armour    |     9 |       |       ||     9
       Ring mail         |    21 |    18 |     2 ||    41
       Skin              |       |       |     3 ||     3
Dodge: Dodged            |    51 |    25 |     8 ||    84
